 Dungeon Crawl Stone Soup version 0.29.1-4-g47bece8355 (webtiles) character file.

Game seed: 2763235434654451111

133 fantasyman the Conjurer (level 5, -20/37 HPs)
             Began as a Gnoll Conjurer on Dec 5, 2022.
             Demolished by Menkaure (22 damage)
             ... on level 6 of the Dungeon.
             The game lasted 00:03:47 (2310 turns).

fantasyman the Conjurer (Gnoll Conjurer)            Turns: 2310, Time: 00:03:48

Health: -20/37     AC:  2    Str:  7    XL:     5   Next: 16%
Magic:  9/12       EV: 13    Int: 19    God:
Gold:   42         SH:  0    Dex: 10    Spells: 11/14 levels left

rFire   . . .      SeeInvis .     - Unarmed
rCold   . . .      Faith    .   (no shield)
rNeg    . . .      Spirit   .   a - +0 robe
rPois   .          Reflect  .   (no helmet)
rElec   .          Harm     .   (no cloak)
rCorr   .          Rampage  .   (no gloves)
Will    .....                   (no boots)
Stlth   ++........              (no amulet)
HPRegen 0.12/turn               (no ring)
MPRegen 0.13/turn               (no ring)

@: no status effects
A: fangs 1, strong nose, distributed training
a: no special abilities


You were on level 6 of the Dungeon.
You visited 1 branch of the dungeon, and saw 5 of its levels.

You collected 42 gold pieces.

Inventory:

Armour
 a - a +0 robe (worn)
 k - the +0 robe of Experimentation {-Cast Harm +Blink rC+}
   (You found it on level 2 of the Dungeon)

   rC:        It protects you from cold.
   +Blink:    It lets you blink.
   -Cast:     It prevents spellcasting.
   Harm:      It increases damage dealt and taken.
Wands
 g - a wand of acid (8)
Scrolls
 c - a scroll of identify
 h - a scroll of enchant weapon {unknown}
 l - a scroll of amnesia {unknown}
Potions
 d - a potion of curing
 e - a potion of flight
 f - a potion of attraction {unknown}
 i - a potion of haste {unknown}
 j - a potion of mutation {unknown}


   Skills:
 + Level 1.4 Fighting
 + Level 1.4 Short Blades
 + Level 1.4 Long Blades
 + Level 1.4 Axes
 + Level 1.4 Maces & Flails
 + Level 1.4 Polearms
 + Level 1.4 Staves
 + Level 1.4 Ranged Weapons
 + Level 1.4 Throwing
 + Level 1.4 Armour
 + Level 4.7 Dodging
 + Level 4.4 Stealth
 + Level 1.4 Shields
 + Level 1.4 Unarmed Combat
 + Level 5.2 Spellcasting
 + Level 7.2 Conjurations
 + Level 1.1 Hexes
 + Level 1.1 Summonings
 + Level 1.1 Necromancy
 + Level 1.1 Translocations
 + Level 1.1 Transmutations
 + Level 1.1 Fire Magic
 + Level 1.1 Ice Magic
 + Level 1.1 Air Magic
 + Level 1.1 Earth Magic
 + Level 1.1 Poison Magic
 + Level 1.6 Invocations
 + Level 1.4 Evocations


You had 11 spell levels left.
You knew the following spells:

 Your Spells              Type           Power      Damage    Failure   Level
a - Magic Dart            Conj           100%       1d8       1%          1
b - Searing Ray           Conj           64%        2d6       1%          2

Your spell library contained the following spells:

 Spells                   Type           Power      Damage    Failure   Level
 Dazzling Flash           Conj/Hex       40%        N/A       7%          3
 Fulminant Prism          Conj/Hex       10%        3d9       22%         4
 Iskenderun's Mystic Bla  Conj/Tloc      20%        2d6       22%         4


Dungeon Overview and Level Annotations

Branches:
Dungeon (6/15)
 Temple: D:4-7

Altars:

Annotations:
D:6 Menkaure


Innate Abilities, Weirdness & Mutations

You have very sharp teeth.
Your uncanny sense of smell can sniff out nearby items.
Your experience applies equally to all skills.


Message History

Menkaure is heavily damaged.
You finish channelling your searing ray.
You feel sick.
Your Hexes skill increases to level 1!
Your Summonings skill increases to level 1!
Your Necromancy skill increases to level 1!
Your Translocations skill increases to level 1!
Your Transmutations skill increases to level 1!
Your Fire Magic skill increases to level 1!
Your Ice Magic skill increases to level 1!
Your Air Magic skill increases to level 1!
Your Earth Magic skill increases to level 1!
Your Poison Magic skill increases to level 1!
You have reached level 5!
Unknown command.
You feel sick. Menkaure hits you!
* * * LOW HITPOINT WARNING * * *
You climb downwards.
You feel sick.
There is a stone staircase leading up here.
It was a potion of curing.
You feel better. Menkaure misses you.
Menkaure points at you and mumbles some strange words.
Pain shoots through your body! Magic courses through your body.
Menkaure misses you.
Casting: Searing Ray (safe; 1% risk of failure)
Confirm with . or Enter, or press ? or * to list all spells.
Aiming: Searing Ray (safe; 1% risk of failure)
Press: ? - help, Shift-Dir - straight line, f - Menkaure
Aim: Menkaure (heavily damaged, fast, 91% to hit)
The searing ray hits Menkaure.
Menkaure is severely damaged. (Press . to maintain the ray.) Menkaure gestures at you while chanting.
Pain shoots through your body!
* * * LOW HITPOINT WARNING * * *
The searing ray hits Menkaure.
Menkaure is almost destroyed.
Menkaure's bandages flutter.
Menkaure hits you!!
Ouch! That really hurt!
You die...

.# ##. ?...
### # .....
..#. .....#
... #.
#...###.#
#.. #.?..M#
#.#. #(.@.#
#....
##...##.....
#.........#
#..>.....##
#.......##
#.......#
#.[.....#
#......##
##.....#


You could see Menkaure (fast).

Vanquished Creatures
  A scorpion (D:5)
  2 adders (D:2)
  A worm (D:2)
  4 dart slugs
  3 endoplasms (D:1)
  2 giant cockroaches (D:2)
  5 goblins
  3 hobgoblins
  6 jackals
  3 quokkas
  5 ball pythons
  2 bats
  A frilled lizard (D:1)
  4 kobolds (D:1)
  2 rats
44 creatures vanquished.

Notes
Turn   | Place    | Note
-------+----------+-------------------------------------------
     0 | D:1      | fantasyman the Gnoll Conjurer began the quest for the Orb.
     0 | D:1      | Reached XP level 1. HP: 13/13 MP: 6/6
    70 | D:1      | Reached XP level 2. HP: 19/19 MP: 0/7
   568 | D:1      | Reached skill level 5 in Spellcasting
   568 | D:1      | Reached XP level 3. HP: 21/25 MP: 7/9
   619 | D:1      | Learned a level 2 spell: Searing Ray
   713 | D:1      | HP: 1/25 [goblin/+0 dagger (3)]
   721 | D:1      | Reached skill level 1 in Invocations
  1532 | D:2      | Reached skill level 1 in Fighting
  1532 | D:2      | Reached skill level 1 in Short Blades
  1532 | D:2      | Reached skill level 1 in Long Blades
  1532 | D:2      | Reached skill level 1 in Axes
  1532 | D:2      | Reached skill level 1 in Maces & Flails
  1532 | D:2      | Reached skill level 1 in Polearms
  1532 | D:2      | Reached skill level 1 in Staves
  1532 | D:2      | Reached skill level 1 in Ranged Weapons
  1532 | D:2      | Reached skill level 1 in Throwing
  1532 | D:2      | Reached skill level 1 in Armour
  1532 | D:2      | Reached skill level 1 in Shields
  1532 | D:2      | Reached skill level 1 in Unarmed Combat
  1532 | D:2      | Reached skill level 1 in Evocations
  1630 | D:2      | Identified the +0 robe of Experimentation {-Cast Harm
                  | +Blink rC+}
  1853 | D:2      | Reached XP level 4. HP: 29/32 MP: 6/11
  2283 | D:3      | You fall into a shaft and drop 3 floors!
  2295 | D:5      | Entered Level 5 of the Dungeon
  2295 | D:5      | Noticed a scorpion
  2296 | D:5      | Noticed a scorpion
  2297 | D:5      | Noticed Menkaure
  2304 | D:5      | Killed a scorpion
  2305 | D:5      | Reached skill level 1 in Hexes
  2305 | D:5      | Reached skill level 1 in Summonings
  2305 | D:5      | Reached skill level 1 in Necromancy
  2305 | D:5      | Reached skill level 1 in Translocations
  2305 | D:5      | Reached skill level 1 in Transmutations
  2305 | D:5      | Reached skill level 1 in Fire Magic
  2305 | D:5      | Reached skill level 1 in Ice Magic
  2305 | D:5      | Reached skill level 1 in Air Magic
  2305 | D:5      | Reached skill level 1 in Earth Magic
  2305 | D:5      | Reached skill level 1 in Poison Magic
  2305 | D:5      | Reached XP level 5. HP: 28/37 MP: 2/12
  2310 | D:6      | Demolished by Menkaure

Illustrated notes

Levels and vault maps discovered:
D:1:      dpeg_arrival_pits, layout_basic, feat_on_display
D:2:      layout_basic, columned_hall_lemuel
D:3:      layout_loops_cross, minitemple, amcnicky_altar_gilded,
          grunt_temple_overflow_cloverleaf,
          hellmonk_ecumenical_altar_dog_temple, uniq_grinder, uniq_sigmund
D:5:      layout_layer_cave, nicolae_overflow_quartered_altars,
          minmay_temple_entry_ruins, uniq_menkaure
D:6:      layout_layer_cave, old_standard_altar, nicolae_inconvenience_store

Skill      XL: |  1  2  3  4 |
---------------+-------------+-----
Spellcasting   | 5 |  5.2
Invocations    | 1 |  1.6
Fighting       | 1 |  1.4
Short Blades   | 1 |  1.4
Long Blades    | 1 |  1.4
Axes           | 1 |  1.4
Maces & Flails | 1 |  1.4
Polearms       | 1 |  1.4
Staves         | 1 |  1.4
Ranged Weapons | 1 |  1.4
Throwing       | 1 |  1.4
Armour         | 1 |  1.4
Shields        | 1 |  1.4
Unarmed Combat | 1 |  1.4
Evocations     | 1 |  1.4
Hexes          | 1 |  1.1
Summonings     | 1 |  1.1
Necromancy     | 1 |  1.1
Translocations | 1 |  1.1
Transmutations | 1 |  1.1
Fire Magic     | 1 |  1.1
Ice Magic      | 1 |  1.1
Air Magic      | 1 |  1.1
Earth Magic    | 1 |  1.1
Poison Magic   | 1 |  1.1
Dodging        | |  4.7
Stealth        | |  4.4
Conjurations   | |  7.2

Action                   |  1- 3 |  4- 6 || total
-------------------------+-------+-------++-------
Melee: Unarmed           |    26 |       ||    26
       Bite              |     1 |       ||     1
 Cast: Magic Dart        |    66 |    20 ||    86
       Searing Ray       |     3 |     3 ||     6
  Use: Scroll            |     5 |       ||     5
       Potion            |       |     2 ||     2
Armor: Robe              |     5 |       ||     5
Dodge: Dodged            |    30 |     5 ||    35
